Map: Bridgehead LE (Void)

Players

UncleBanjo

  • Race: Protoss Protoss

CaptRaynor - Winner!

  • Race: Terran Terran
  • League: Grandmaster

VOD

Have the link to the VOD?

Description

Time

  • Played on: Aug. 9, 2015, 8:20 p.m.
  • Length: 24:18
Show
View Real Time Build Order
Export as new Build Order

UncleBanjo Protoss 

Build Orders:  

Get SALT Encoding   

  12  0:01  Probe  
  13  0:14  Pylon  
  13  0:26  Probe  
  14  0:39  Forge  
  14  1:16  Probe (Chrono Boost)  
  15  1:20  Pylon, Assimilator  
  15  1:24  Gateway  
  16  1:26  Probe (Chrono Boost), Gateway  
  16  1:33  Probe  
  17  1:50  Probe (Chrono Boost)  
  18  1:59  Gateway  
  18  2:13  Pylon  
  18  2:17  Cybernetics Core  
  18  2:18  Probe  
  18  2:19  Assimilator  
  19  2:27  Protoss Ground Weapons Level 1 (Chrono Boost)  
  19  2:42  Probe  
  20  2:52  Gateway  
  20  2:53  Warp Gate (Chrono Boost)  
  20  2:54  Probe  
  21  3:06  Probe  
  21  3:11  Stalker  
  24  3:18  Probe  
  23  3:53  Probe  
  24  4:05  Probe  
  25  4:17  Probe  
  26  4:29  Stalker x4, Probe  
  35  4:50  Protoss Ground Armor Level 1 (Chrono Boost)  
  35  4:57  Stalker  
  37  5:14  Pylon  
  37  5:32  Stalker  
  37  5:33  Stalker x3  
  45  5:50  Pylon  
  45  5:53  Pylon  
  45  5:57  Nexus  
  45  6:09  Stalker x2  
  45  6:10  Stalker  
  33  6:57  Stalker x4  
  33  6:59  Probe  
  36  7:06  Pylon  
  36  7:11  Probe  
  37  7:18  Twilight Council  
  37  7:20  Probe  
  38  7:26  Stalker  
  40  7:32  Probe  
  40  7:35  Stalker  
  43  7:40  Stalker  
  45  7:44  Probe (Chrono Boost)  
  46  7:51  Stalker  
  46  7:52  Stalker  
  46  7:54  Probe (Chrono Boost)  
  47  8:09  Probe x2  
  49  8:21  Probe  
  50  8:27  Stalker x3  
  50  8:28  Stalker  
  50  8:33  Probe  
  50  8:34  Probe  
  60  8:42  Assimilator  
  60  8:51  Stalker x2  
  60  8:52  Stalker  
  60  8:55  Stalker  
  68  9:05  Probe x2  
  70  9:17  Blink (Chrono Boost)  
  70  9:33  Stalker x2  
  74  9:40  Stalker  
  76  9:46  Assimilator  
  76  9:47  Stalker  
  76  9:49  Nexus  
  78  9:57  Stalker x2  
  82  10:10  Pylon  
  82  10:12  Stalker  
  82  10:13  Pylon  
  84  10:19  Pylon  
  84  10:30  Protoss Ground Armor Level 2 (Chrono Boost)  
  85  10:57  Probe (Chrono Boost)  
  85  10:58  Probe (Chrono Boost)  
  85  11:00  Stalker x4  
  94  11:06  Probe (Chrono Boost)  
  96  11:14  Probe (Chrono Boost)  
  96  11:16  Probe (Chrono Boost)  
  97  11:21  Probe (Chrono Boost)  
  97  11:22  Gateway  
  97  11:23  Stalker x2, Probe  
  97  11:24  Stalker x2  
  107  11:33  Probe  
  107  11:35  Probe  
  89  11:47  Probe  
  66  12:02  Stalker  
  66  12:04  Stalker  
  66  12:05  Stalker  
  66  12:06  Stalker  
  74  12:16  Probe x2  
  74  12:17  Probe  
  77  12:24  Assimilator  
  77  12:27  Stalker x2  
  77  12:28  Stalker  
  77  12:29  Stalker, Probe  
  80  12:41  Probe  
  80  12:43  Protoss Ground Weapons Level 2 (Chrono Boost)  
  75  12:51  Stalker x2  
  75  12:52  Stalker  
  75  12:53  Probe  
  82  13:05  Probe  
  83  13:17  Probe  
  83  13:19  Stalker x3  
  90  13:20  Stalker x2  
  90  13:22  Photon Cannon  
  90  13:24  Photon Cannon  
  90  13:26  Photon Cannon  
  89  13:29  Probe, Photon Cannon  
  68  13:44  Stalker x4  
  68  13:45  Stalker  
  78  13:50  Robotics Facility  
  78  13:51  Probe  
  79  14:03  Probe  
  79  14:08  Stalker x3  
  79  14:09  Stalker  
  86  14:15  Probe  
  87  14:22  Stalker  
  89  14:34  Stalker  
  89  14:35  Stalker x3  
  89  14:38  Observer (Chrono Boost)  
  98  14:50  Protoss Ground Armor Level 3  
  98  14:52  Observer (Chrono Boost)  
  99  14:55  Nexus  
  99  15:01  Stalker x2  
  98  15:32  Stalker x2  
  98  15:33  Stalker x3  
  108  15:41  Probe  
  109  15:53  Probe  
  110  15:59  Stalker x2  
  110  16:00  Stalker x3  
  120  16:07  Probe  
  121  16:14  Observer (Chrono Boost)  
  122  16:19  Probe  
  123  16:32  Probe  
  124  16:37  Probe  
  125  16:44  Probe  
  126  16:49  Probe  
  127  16:56  Probe  
  127  16:58  Probe x2  
  130  17:08  Probe  
  131  17:20  Probe  
  132  17:32  Probe  
  119  17:44  Probe  
  112  17:57  Stalker x3  
  112  17:58  Stalker x2  
  116  18:22  Stalker  
  116  18:23  Stalker x4  
  86  19:21  Stalker x5  
  69  20:27  Stalker x3  
  75  21:30  Stalker x4  
  75  21:31  Stalker  
  28  22:52  Stalker x3  
Show
View Real Time Build Order
Export as new Build Order

CaptRaynor Terran - Winner!

Build Orders: Reaper Expand 

Get SALT Encoding   

  12  0:01  SCV  
  13  0:13  SCV  
  14  0:19  Supply Depot  
  14  0:26  SCV  
  15  0:40  SCV  
  16  0:43  Barracks  
  16  0:56  SCV  
  17  1:07  Refinery  
  17  1:08  SCV  
  18  1:20  SCV  
  19  1:28  Supply Depot  
  18  1:42  Command Center  
  18  1:52  Orbital Command  
  18  2:00  Barracks  
  18  2:03  Reaper  
  19  2:22  SCV  
  20  2:43  Command Center  
  20  2:45  SCV  
  20  2:47  Barracks Tech Lab  
  20  2:49  Barracks Reactor  
  21  2:54  Supply Depot  
  21  3:02  SCV x2  
  23  3:09  Marauder  
  25  3:13  Engineering Bay  
  25  3:35  SCV  
  25  3:36  SCV  
  27  3:49  Marine  
  27  3:50  Marine  
  27  3:51  Marauder  
  31  4:04  SCV x2  
  32  4:11  Refinery  
  32  4:13  SCV  
  32  4:14  Factory  
  33  4:20  Marine x2  
  33  4:21  Marauder  
  37  4:26  Factory  
  37  4:35  SCV x3  
  40  4:42  Supply Depot  
  40  4:58  Supply Depot  
  40  4:59  SCV  
  42  5:00  SCV x2  
  42  5:04  Marine x2  
  42  5:05  Marauder  
  47  5:15  Starport  
  47  5:18  Factory Tech Lab  
  47  5:20  Factory Reactor  
  43  5:36  Marine x2  
  43  5:38  Marauder  
  47  5:43  Cyclone  
  50  5:56  Concussive Shells  
  50  6:06  SCV  
  50  6:07  SCV, Refinery  
  52  6:13  Refinery, Widow Mine x2  
  52  6:17  Starport Tech Lab  
  56  6:25  Marine x2  
  54  6:26  Marauder  
  42  6:45  Cyclone  
  43  7:02  Widow Mine x2  
  43  7:08  Planetary Fortress  
  47  7:09  SCV x2  
  49  7:24  SCV  
  49  7:25  SCV  
  49  7:27  Marine x2  
  49  7:28  Marauder  
  55  7:30  Cyclone  
  58  7:42  Widow Mine  
  58  7:43  Widow Mine  
  62  7:50  Fusion Core  
  62  7:52  SCV  
  62  7:54  Marine  
  62  7:55  Marauder, Marine  
  67  8:00  Medivac  
  69  8:07  Cyclone  
  72  8:35  Marine x2  
  72  8:36  Marauder  
  76  8:42  Cyclone  
  76  8:47  SCV, Refinery  
  80  8:59  SCV  
  81  9:07  Supply Depot  
  81  9:08  Battlecruiser  
  87  9:11  SCV, Marine x2  
  87  9:12  Marauder  
  92  9:24  SCV  
  89  9:36  SCV  
  90  9:40  Marine x2  
  90  9:41  Marauder  
  90  9:45  Cyclone  
  97  9:47  Supply Depot  
  97  9:58  SCV, Refinery  
  98  10:07  Widow Mine  
  98  10:08  Widow Mine  
  98  10:10  SCV  
  98  10:12  Supply Depot  
  103  10:19  Battlecruiser  
  109  10:34  SCV, Cyclone  
  113  10:35  Supply Depot  
  113  10:46  SCV, Marine  
  113  10:47  Marauder, Marine  
  118  10:50  Combat Shields  
  118  10:58  SCV  
  119  11:05  Marine x2  
  119  11:09  Marauder  
  123  11:13  Widow Mine x2  
  123  11:16  Cyclone  
  130  11:22  Armory  
  130  11:27  Orbital Command  
  121  11:48  Marine x2  
  121  11:49  Marauder  
  109  12:21  Marine x2  
  109  12:22  Marauder  
  99  12:51  Marine x2  
  99  12:52  Marauder  
  107  12:59  Widow Mine x2  
  107  13:02  Cyclone  
  107  13:05  Terran Vehicle And Ship Armor Level 1  
  110  13:07  Battlecruiser  
  110  13:12  Marine x2  
  116  13:13  Marauder  
  120  13:26  Supply Depot  
  120  13:31  Starport  
  116  13:40  Marine x2  
  116  13:41  Marauder  
  116  13:50  Widow Mine  
  116  13:51  Widow Mine  
  116  13:55  Siege Tank  
  123  14:09  Starport Reactor  
  123  14:11  Marine x2  
  123  14:12  Marauder  
  127  14:29  Marine x2  
  129  14:33  Marauder  
  131  14:46  Stimpack  
  131  14:48  Medivac x2  
  131  14:51  Battlecruiser  
  141  15:00  Marine  
  141  15:01  Marauder, Marine  
  141  15:04  Widow Mine  
  141  15:06  Widow Mine  
  149  15:10  Supply Depot  
  149  15:19  Command Center  
  149  15:32  Supply Depot  
  149  15:44  Siege Tank  
  152  15:51  Terran Vehicle And Ship Armor Level 2  
  152  15:55  Terran Infantry Weapons Level 1, Supply Depot, Battlecruiser  
  152  15:56  Supply Depot  
  158  16:01  Marauder, Marine x2  
  158  16:03  Widow Mine  
  164  16:10  Widow Mine  
  166  16:18  Supply Depot  
  166  16:19  Medivac x2  
  166  16:20  Supply Depot  
  170  16:34  Marine x2  
  170  16:35  Marauder  
  174  16:49  Medivac x2  
  174  16:50  Behemoth Reactor  
  177  17:00  Battlecruiser  
  183  17:09  Marine x2  
  183  17:10  Marauder  
  178  17:53  Marine x2  
  178  17:54  Marauder  
  165  18:13  Unknown  
  165  18:16  Marauder, Marine x2  
  168  18:20  Siege Tank  
  168  18:22  Widow Mine x2  
  173  18:44  Marine x2  
  173  18:45  Marauder  
  152  19:09  Command Center  
  144  19:25  Terran Vehicle And Ship Armor Level 3  
  126  20:18  Marine x2  
  126  20:19  Marauder  
  98  22:07  Marine x2  
  98  22:08  Marauder  
  100  22:18  Siege Tank  
  100  22:19  Widow Mine x2  
  100  22:21  Battlecruiser  
  64  23:52  Command Center  
Tags
 
Add a new tag
Caveats
  • Supply blocks, unpowered buildings, or Contaminate may cause inaccurate times.
  • Supply counts are checked every 10 seconds.